 Dungeon Crawl Stone Soup version 0.31-a0-1206-g41278d8d1d (webtiles) character file.

Game seed: 4819203588176799710

91 Dirtsage the Changeling (level 4, 0/29 HPs)
             Began as an Octopode Shapeshifter on Dec 13, 2023.
             Blown up by Ijyb (20 damage)
             ... with a mindburst bolt
             ... on level 3 of the Dungeon.
             The game lasted 00:02:38 (1829 turns).

Dirtsage the Changeling (Octopode Shapeshifter)     Turns: 1829, Time: 00:02:39

Health: 0/29       AC:  1    Str: 13    XL:     4   Next: 57%
Magic:  4/4        EV: 13    Int: 12    God:
Gold:   25         SH:  0    Dex: 13    Spells: 3/3 levels left

rFire   . .          .
                       - Unarmed
rCold   . . .        (no shield)
rNeg    . . .        (helmet currently unavailable)
rPois   .            (no amulet)
rElec   .            (no ring)
rCorr   .            (no ring)
SInv    .            (no ring)
Will    .....        (no ring)
Stlth   ++           (no ring)
HPRegen 0.24/turn    (no ring)
MPRegen 0.09/turn    (no ring)
                     (no ring)

%: no passive effects
@: beast-form
A: beast (slay +2), almost no armour, amphibious, 8 rings, camouflage 1,
gelatinous body 1, (nimble swimmer 1), tentacles
a: Begin Untransformation


You were on level 3 of the Dungeon.
You were a hulking beast.
You visited 1 branch of the dungeon, and saw 3 of its levels.

You collected 65 gold pieces.
You spent 40 gold pieces at shops.

Inventory:

Talismans
 b - a beast talisman
 c - a flux talisman
Scrolls
 d - 2 scrolls of identify {unknown}
 e - a scroll of torment {unknown}
 f - a scroll of immolation {unknown}
 g - 2 scrolls of teleportation {unknown}
 i - a scroll of silence {unknown}
 j - a scroll of revelation {unknown}
Potions
 a - a potion of lignification
 h - a potion of invisibility {unknown}
 k - a potion of enlightenment {unknown}
 l - 2 potions of brilliance {unknown}
 q - 3 potions of curing


   Skills:
 + Level 2.0 Fighting
 + Level 2.7 Dodging
 + Level 3.5 Unarmed Combat
 * Level 3.8 Shapeshifting


You had 3 spell levels left.
You didn't know any spells.
Your spell library contained the following spells:

 Spells                   Type           Power      Damage    Failure   Level
 Magic Dart               Conj           0%         1d3       32%         1
 Call Imp                 Summ           0%         N/A       45%         2
 Mephitic Cloud           Conj/Pois/Air  0%         N/A       69%         3


Dungeon Overview and Level Annotations

Branches:
Dungeon (3/15)

Altars:

Shops:
D:2 !

Annotations:
D:2 1 runed translucent door, Crazy Yiuf
D:3 Ijyb


Innate Abilities, Weirdness & Mutations

You are a hulking beast.
Your limbs bulge with bestial killing power. (Slay +2)
You cannot wear most types of armour.
You are amphibious.
You can wear up to eight rings at the same time.
Your skin changes colour to match your surroundings (Stealth+).
Your rubbery body absorbs attacks. (AC +1, EV +1)
((You are camouflaged when in or above water. (Stealth+)))
You have tentacles for arms and can constrict up to eight enemies at once.


Message History

Health restored: 29
There is a stone staircase leading down here.
You climb downwards.
There is a stone staircase leading up here.
A quokka is nearby!
You strike the helpless quokka from behind!
You tentacle-slap the quokka. Your grab misses the quokka.
The quokka is heavily wounded.
The quokka misses you.
You tentacle-slap the quokka but do no damage.
You grab the quokka. Your squeeze misses the quokka.
The quokka is heavily wounded.
You constrict the quokka. The quokka bites you.
You take 3 damage, and have 26/29 hp.
A quokka is nearby!
You tentacle-slap the quokka.
You kill the quokka!
No target in view!
HP restored.
l - 2 smoky cyan potions Health restored: 29 Ijyb the Twisted Goblin comes into view.
She is wielding a +0 club and carrying a wand of mindburst.
You have nothing you can fire or use right now.
Unknown command.
Ijyb shouts!
You tentacle-slap Ijyb but do no damage.
You grab Ijyb. Your squeeze misses Ijyb. You constrict Ijyb, but do no damage.
Ijyb hits you with a +0 club.
You take 4 damage, and have 25/29 hp.
You tentacle-slap Ijyb but do no damage.
You constrict Ijyb. Ijyb hits you with a +0 club.
You take 5 damage, and have 20/29 hp.
You tentacle-slap Ijyb.
Ijyb is heavily wounded.
You constrict Ijyb, but do no damage. Ijyb closely misses you.
You tentacle-slap Ijyb.
Ijyb is severely wounded.
You constrict Ijyb.
Ijyb zaps a wand.
Your mind is blasted!
Ouch! That really hurt!
You die...

:...
..................
##.#
..###.####......##
##.#.#. #.#
##.###.##
.....#.###.###..#
.#
.....##.....#..###
#
.....#...........#
.....#...........#
######...........#
#...o..........h#
##.o...##.......g#
.o..o............#
###..####........#
..#..# #........#
#.#..# ........#
....# ........#
..>## #########
##.#


You could see Ijyb.

Vanquished Creatures
  Terence (D:2)
  A worm (D:2)
  A dart slug (D:1)
  An orc (D:2)
  3 bats
  5 endoplasms
  3 giant cockroaches
  3 goblins
  4 hobgoblins
  10 jackals
  5 quokkas
  6 ball pythons
  A frilled lizard (D:1)
  3 kobolds
  5 rats
52 creatures vanquished.

Notes
Turn   | Place    | Note
-------+----------+-------------------------------------------
     0 | D:1      | Dirtsage the Octopode Shapeshifter began the quest for the
                  | Orb.
     0 | D:1      | Reached XP level 1. HP: 13/13 MP: 1/1
   178 | D:1      | Reached XP level 2. HP: 8/18 MP: 2/2
   443 | D:1      | Found a faded altar of an unknown god.
   571 | D:1      | Reached XP level 3. HP: 23/23 MP: 3/3
  1165 | D:2      | Noticed Terence
  1177 | D:2      | Killed Terence
  1178 | D:2      | Reached XP level 4. HP: 28/29 MP: 4/4
  1244 | D:2      | Found Neso's Distillery.
  1247 | D:2      | Bought a potion of curing for 30 gold pieces
  1247 | D:2      | Bought a potion of degeneration for 10 gold pieces
  1533 | D:2      | Found a runed translucent door.
  1534 | D:2      | Noticed Crazy Yiuf
  1822 | D:3      | Noticed Ijyb
  1829 | D:3      | Blown up by Ijyb

Illustrated notes

Levels and vault maps discovered:
D:1:      saegor_arrival_simple_e, layout_basic,
          hellmonk_ecumenical_altar_crossroads, serial_bayou_lagoon_a
D:2:      layout_rooms, serial_shops, nicolae_shop_real_fake_doors,
          dreamdust_mushroom_princess, corexii_hall_statues_l, uniq_terence,
          uniq_crazy_yiuf_cottage
D:3:      wander_river, layout_basic, nicolae_kikubaaqudgha_miasma_corner,
          corexii_item_surrounded_by_moat, uniq_natasha, uniq_ijyb

Skill      XL: |  1  2  3  4 |
---------------+-------------+-----
Fighting       | 2 |  2.0
Dodging        | |  2.7
Unarmed Combat | |  3.5
Shapeshifting  | |  3.8

Action                     |  1- 3 |  4- 6 || total
---------------------------+-------+-------++-------
  Melee: Unarmed           |    85 |    29 ||   114
         Constrict         |    16 |     7 ||    23
         Tentacles         |     8 |     8 ||    16
         Punch             |     5 |       ||     5
    Use: Potion            |     1 |       ||     1
   Stab: Sleeping          |     5 |     2 ||     7
         Distracted        |       |     1 ||     1
 Armour: Skin              |    48 |    12 ||    60
  Dodge: Dodged            |    47 |    12 ||    59

Table legend: (Time is in decaauts)
 A = Elapsed time spent in this place.
 B = Non-inter-level travel time spent in this place.
 C = Inter-level travel time spent in this place.
 D = Time resting spent in this place.
 E = Time spent auto-exploring this place.
 F = Levels seen in this place.
 G = Mean time per level.
                   A        B        C        D        E       F      G
               +--------+--------+--------+--------+--------+-----+--------+
         Total |   1821 |   1687 |    134 |     47 |   1323 |   3 |  607.0 |
       Dungeon |   1821 |   1687 |    134 |     47 |   1323 |   3 |  607.0 |
               +--------+--------+--------+--------+--------+-----+--------+

Top non-repeatable levels by time:
     D:2: 1025 daAuts
     D:1: 666 daAuts
     D:3: 129 daAuts
